 Dungeon Crawl Stone Soup version 0.25-b1-37-g2669288c55 (webtiles) character file.

Game seed: 10788859081229831564

2921 gruber the Destroyer (level 9, -8/51 HPs)
             Began as an Octopode Wizard on June 5, 2020.
             Was a Follower of Vehumet.
             Mangled by Erica
             ... wielding a +0 scimitar of flaming
              (13 damage)
             ... on level 8 of the Dungeon.
             The game lasted 00:17:18 (11735 turns).

gruber the Destroyer (Octopode Wizard)             Turns: 11735, Time: 00:17:19

Health: -8/51      AC:  1    Str:  6    XL:     9   Next: 79%
Magic:  13/21      EV: 13    Int: 24    God:    Vehumet [*.....]
Gold:   189        SH:  0    Dex: 14    Spells: 16/24 levels left

rFire    . . .     SeeInvis .   I - +7 flail of Zina {vorpal, Dex+4}
rCold    . . .     Gourm    .   (no shield)
rNeg     . . .     Faith    .   a - +0 hat
rPois    .         Spirit   .   (no amulet)
rElec    .         Reflect  .   (no ring)
rCorr    .         Harm     .   (no ring)
MR       .....                  (no ring)
Stlth    ++........             (no ring)
HPRegen  0.17/turn              (no ring)
MPRegen  0.17/turn              (no ring)
                                (no ring)
                                (no ring)

@: confused, slowed, very slow
A: almost no armour, stealthy swim, amphibious, 8 rings, constrict 8, camouflage
1, gelatinous body 1
a: Renounce Religion


You were on level 8 of the Dungeon.
You worshipped Vehumet.
Vehumet was aware of your devotion.
You were not hungry.

You visited 1 branch of the dungeon, and saw 8 of its levels.

You collected 384 gold pieces.
You spent 195 gold pieces at shops.

Inventory:

Hand Weapons
 b - a +0 dagger
 A - a +0 trident
 D - a +2 whip of electrocution
 I - the +7 flail of Zina (weapon) {vorpal, Dex+4}
   (You bought it in a shop on level 7 of the Dungeon)

   It inflicts extra damage upon your enemies.
   It affects your dexterity (+4).
Missiles
 B - 55 poisoned darts (quivered)
 E - 7 curare-tipped darts
Armour
 a - a +0 hat (worn)
Jewellery
 C - an uncursed ring of ice
Wands
 p - a wand of flame (10)
 v - a wand of polymorph (10)
 z - a wand of enslavement (7)
 H - a wand of iceblast (6)
Scrolls
 d - 3 scrolls of fear {unknown}
 f - 4 scrolls of identify
 g - 5 scrolls of teleportation
 h - 2 scrolls of amnesia {unknown}
 i - a scroll of random uselessness {unknown}
 j - 2 scrolls of fog {unknown}
 l - 3 scrolls of enchant weapon {unknown}
 n - 5 scrolls of remove curse
 o - 2 scrolls of enchant armour {unknown}
 w - 2 scrolls of blinking {unknown}
 y - a scroll of magic mapping {unknown}
Potions
 e - a potion of ambrosia {unknown}
 k - 2 potions of stabbing {unknown}
 m - 2 potions of curing
 q - 2 potions of haste {unknown}
 r - a potion of degeneration {unknown}
 s - 3 potions of berserk rage {unknown}
 t - 3 potions of heal wounds {unknown}
 u - a potion of flight {unknown}
 x - a potion of mutation {unknown}
 F - a potion of might {unknown}
 G - 2 potions of cancellation {unknown}
Comestibles
 c - 9 rations
 J - 3 chunks of flesh


   Skills:
 - Level 2.0 Dodging
 - Level 2.6 Stealth
 - Level 8.4 Spellcasting
 * Level 9.0 Conjurations
 - Level 1.0 Summonings
 - Level 1.1 Translocations
 - Level 3.1 Air Magic
 - Level 3.3 Poison Magic


You had 16 spell levels left.
You knew the following spells:

 Your Spells              Type           Power        Failure   Level  Hunger
a - Magic Dart            Conj           ####         1%          1    None
b - Blink                 Tloc           N/A          6%          2    None
c - Call Imp              Summ           ###.....     6%          2    None
d - Mephitic Cloud        Conj/Pois/Air  #####...     2%          3    None

Your spell library contained the following spells:

 Spells                   Type           Power        Failure   Level  Hunger
 Sandblast                Erth           ##....       6%          1    None
 Apportation              Tloc           ###...       3%          1    None
 Conjure Flame            Conj/Fire      ####....     3%          3    None
 Summon Small Mammal      Summ           ###.         4%          1    None
 Animate Skeleton         Necr           N/A          6%          1    None
 Corona                   Hex            ##.....      6%          1    None
 Slow                     Hex            ##......     10%         2    None


Dungeon Overview and Level Annotations

Branches:
Dungeon (8/15)             Temple (0/1) D:7
   Lair: D:8-11

Altars:
Cheibriados
Elyvilon
Gozag
Kikubaaqudgha
Nemelex Xobeh
Okawaru
Qazlal
Sif Muna
Trog
Vehumet
Wu Jian
Zin

Shops:
D:7 [(

Annotations:
D:8 Erica


Innate Abilities, Weirdness & Mutations

You cannot wear most types of armour.
You are very stealthy in the water. (Stealth+)
You are amphibious.
You can wear up to eight rings at the same time.
You can use your tentacles to constrict eight enemies at once.
Your skin changes colour to match your surroundings (Stealth+).
Your rubbery body absorbs attacks. (AC +1, EV +1)


Message History

Unknown command.
You are confused.
You're too confused to cast spells.
Drop what? 36/52 slots (_ for help) (? for menu, Esc to quit)
Drop what? 36/52 slots (_ for help) (? for menu, Esc to quit)
You drop a wand of enslavement (7).
z - a wand of enslavement (7)
A gnoll comes into view. It is wielding a +3 halberd.
You're too confused to move!
The gnoll sergeant shouts, "What's happening?!"
The gnoll sergeant hits you with a +0 spear!
* * * LOW HITPOINT WARNING * * *
You hear some strange, mumbled words.
You are more confused.
You're too confused to cast spells.
You bump into the rock wall.
The gnoll hits you from afar with a +0 halberd!
* * * LOW HITPOINT WARNING * * *
The gnoll barely misses you. Something hits you!
You die... #.#.#.P♣♣#.......# #.#.#.PP♣#gKo.... #...#.P♣ oKOc.

##### ##.###..♣♣##### ###♣♣♣..P♣
♣♣.
#>........♣♣..♣♣♣.♣P♣P..PP♣PP.
#..###..P♣P♣...P♣P.P.P..P♣P♣P.
#....#....P....P.P......P.P.s"
#.............{g........@.....
#.#..........@.g..g##.##......
#.#.......####g....##..gg..#
#.#..[....# #####..#......#
#.#...###.# ##........###
#.#.......# ######.....#
####.#....#################.....#
..................(..............
.....................###.........
..........................#.....#


You could see an ogre, 2 gnoll sergeants, a centaur, an orc priest, an orc
wizard, 3 gnolls and 2 kobolds.

Vanquished Creatures
  A hornet (D:8)
  Menkaure (D:6)
  2 ice beasts
  Duvessa (D:6)
  2 sky beasts (D:5)
  A phantom (D:5)
  2 ogres
  2 black bears (D:8)
  5 centaurs
  2 bullfrogs (D:6)
  Dowan (D:6)
  A scorpion (D:6)
  A water moccasin skeleton (D:8)
  3 killer bees
  A howler monkey (D:5)
  A crimson imp (D:6)
  A centaur skeleton (D:4)
  2 hounds
  An orc priest (D:3)
  A bullfrog skeleton (D:4)
  An orc wizard (D:7)
  5 worker ants
  A hound zombie (D:7)
  6 adders
  A shadow imp (D:5)
  An ooze (D:1)
  2 adder zombies
  An adder skeleton (D:6)
  5 worms
  3 dart slugs
  5 leopard geckos
  8 orcs
  5 giant cockroaches
  9 goblins
  10 hobgoblins
  9 jackals
  9 kobolds
  2 quokkas (D:5)
  4 ball pythons
  6 bats
  4 frilled lizards
  A leopard gecko skeleton (D:4)
  14 rats
144 creatures vanquished.

Vanquished Creatures (collateral kills)
  Maggie (D:7)
  Eustachio (D:5)
  A scorpion (D:5)
  A worker ant zombie (D:5)
4 creatures vanquished.

Grand Total: 148 creatures vanquished

Notes
Turn   | Place    | Note
-------+----------+-------------------------------------------
     0 | D:1      | gruber the Octopode Wizard began the quest for the Orb.
     0 | D:1      | Reached XP level 1. HP: 11/11 MP: 4/4
   275 | D:1      | Reached skill level 2 in Conjurations
   275 | D:1      | Reached XP level 2. HP: 17/17 MP: 3/6
   675 | D:1      | Reached XP level 3. HP: 6/21 MP: 0/7
  1045 | D:1      | Reached skill level 3 in Conjurations
  1172 | D:1      | Learned a level 2 spell: Blink
  1177 | D:1      | Learned a level 2 spell: Call Imp
  1207 | D:1      | Learned a level 3 spell: Mephitic Cloud
  1730 | D:2      | Reached XP level 4. HP: 27/27 MP: 5/8
  2163 | D:2      | Found a white marble altar of Elyvilon.
  2388 | D:2      | Reached skill level 4 in Conjurations
  2559 | D:2      | Found a radiant altar of Vehumet.
  2580 | D:2      | Became a worshipper of Vehumet
  3225 | D:3      | Reached XP level 5. HP: 27/31 MP: 1/9
  3608 | D:3      | Reached skill level 5 in Conjurations
  3619 | D:3      | Reached * piety under Vehumet
  3619 | D:3      | Offered knowledge of Sandblast by Vehumet.
  3875 | D:3      | Found a shimmering blue altar of Sif Muna.
  3879 | D:3      | Found a sparkling altar of Nemelex Xobeh.
  3883 | D:3      | Found a bloodstained altar of Trog.
  3884 | D:3      | Found an iron altar of Okawaru.
  3885 | D:3      | Found a snail-covered altar of Cheibriados.
  3885 | D:3      | Found an ornate altar of the Wu Jian Council.
  3885 | D:3      | Found an opulent altar of Gozag.
  3886 | D:3      | Found a glowing silver altar of Zin.
  3890 | D:3      | Found a stormy altar of Qazlal.
  4315 | D:4      | Reached XP level 6. HP: 35/36 MP: 5/10
  4626 | D:4      | Found an ancient bone altar of Kikubaaqudgha.
  4826 | D:5      | Entered Level 5 of the Dungeon
  4871 | D:5      | Noticed Eustachio
  5121 | D:5      | Reached skill level 6 in Conjurations
  5270 | D:5      | Noticed a sky beast
  5328 | D:5      | Killed a sky beast
  5328 | D:5      | Reached skill level 1 in Air Magic
  5328 | D:5      | Reached skill level 1 in Poison Magic
  5602 | D:5      | Noticed a phantom
  5680 | D:5      | Killed a phantom
  5680 | D:5      | Reached XP level 7. HP: 23/41 MP: 1/11
  6645 | D:5      | Killed Eustachio
  7165 | D:5      | Reached XP level 8. HP: 46/46 MP: 8/14
  7285 | D:5      | Reached skill level 5 in Spellcasting
  8204 | D:6      | Noticed Menkaure
  8212 | D:6      | Killed Menkaure
  8535 | D:6      | Reached XP level 9. HP: 39/51 MP: 14/20
  8540 | D:6      | Noticed Duvessa
  8554 | D:6      | Noticed Dowan
  8565 | D:6      | Killed Duvessa
  8573 | D:6      | Killed Dowan
  9440 | D:7      | Found Muetaol's Antique Armour Shop.
  9479 | D:7      | Found the +27 Lear's hauberk
  9581 | D:7      | Noticed Maggie
  9659 | D:7      | HP: 2/51 [Maggie/bolt of fire (12)]
  9972 | D:7      | Found a staircase to the Ecumenical Temple.
 10077 | D:7      | Found Mon Voy's Antique Weapon Boutique.
 10085 | D:7      | Bought a scorched flail for 195 gold pieces
 10087 | D:7      | Identified the +7 flail of Zina {vorpal, Dex+4} (You bought
                  | it in a shop on level 7 of the Dungeon)
 10253 | D:7      | Killed Maggie
 10253 | D:7      | Reached skill level 7 in Conjurations
 11040 | D:8      | Reached skill level 8 in Conjurations
 11148 | D:8      | Noticed Erica
 11164 | D:8      | Noticed a hornet
 11433 | D:8      | Killed a hornet
 11564 | D:8      | Reached skill level 9 in Conjurations
 11735 | D:8      | Mangled by Erica

Illustrated notes

Levels and vault maps discovered:
D:1:      dpeg_arrival_houses_and_road, layout_loops_ring,
          minmay_shallow_snake_nest
D:2:      layout_basic, marbit_many_paths, elyvilon_altar_3
D:3:      layout_rooms, minitemple
D:4:      layout_basic, lemuel_coloured_pillars_altar
D:5:      layout_cave_pods, first_ration, grunt_ministairs_10, uniq_eustachio
D:6:      layout_cave_pools, uniq_menkaure, uniq_duvessa
D:7:      layout_layer_cave, minmay_temple_entry_ruins, serial_shops, shop,
          nicolae_shop_overgrown_old_shop, uniq_maggie
D:8:      kennysheep_housing_project, layout_basic,
          regret_index_temple_of_mockery, chequers_serial_rivers_room_a,
          uniq_erica

Skill      XL: |  1  2  3  4  5  6  7  8  9 |
---------------+----------------------------+-----
Conjurations   | 2 3 4 5 6 9 |  9.0
Air Magic      | 2 3 |  3.1
Poison Magic   | 2 3 |  3.3
Spellcasting   | 4 7 8 |  8.4
Dodging        | |  2.0
Stealth        | |  2.6
Summonings     | |  1.0
Translocations | |  1.1

Action                   |  1- 3 |  4- 6 |  7- 9 || total
-------------------------+-------+-------+-------++-------
Melee: Unarmed           |     2 |       |       ||     2
       Constrict         |     9 |     8 |    12 ||    29
       Tentacles         |     4 |     7 |    17 ||    28
       Dagger            |    36 |    38 |       ||    74
       Trident           |       |    11 |    23 ||    34
       Whip              |       |       |    25 ||    25
       Flail             |       |       |    29 ||    29
Throw: Dart              |       |       |     1 ||     1
 Cast: Magic Dart        |    63 |   136 |   211 ||   410
       Blink             |       |     2 |    16 ||    18
       Call Imp          |       |     3 |    18 ||    21
       Mephitic Cloud    |       |       |    18 ||    18
Evoke: Wand              |       |     1 |     6 ||     7
  Use: Scroll            |       |       |     3 ||     3
       Potion            |       |       |     1 ||     1
 Stab: Sleeping          |     1 |     4 |     2 ||     7
       Distracted        |       |       |     1 ||     1
  Eat: Chunk             |     2 |    12 |    13 ||    27
       Ration            |       |       |     2 ||     2
Armor: Skin              |     1 |     5 |     4 ||    10
Dodge: Dodged            |    27 |    60 |    67 ||   154
